 Dungeon Crawl Stone Soup version 0.32-a0-468-g38b2580584 (webtiles) character file.

Game seed: 13312771886954655591

117 Scrimshaw the Vexing (level 5, -4/38 HPs)
             Began as a Coglin Hexslinger on Feb 24, 2024.
             Killed from afar by Grinder the efreet (13 damage)
             ... with a fireball
             ... on level 3 of the Dungeon.
             The game lasted 00:12:42 (2644 turns).

Scrimshaw the Vexing (Coglin Hexslinger)            Turns: 2644, Time: 00:12:43

Health: -4/38      AC:  6    Str:  9    XL:     5   Next: 1%
Magic:  6/6        EV: 12    Int: 12    God:
Gold:   95         SH:  0    Dex: 18    Spells: 2/6 levels left

rFire   + . .        f - +0 short sword {Atia}
rCold   . . .        e - +0 short sword {Minjun}
rNeg    . . .        q - +2 robe {rF+}
rPois   .            j - +1 hat
rElec   .            i - +0 cloak
rCorr   .            (no gloves)
SInv    .            (no boots)
Will    .....        (no amulet)
Stlth   ++           (ring unavailable)
HPRegen 0.26/turn    (ring unavailable)
MPRegen 0.10/turn

%: no passive effects
@: revved
A: off-hand wielding, slow wielding, warmup strikes, no rings
a: no special abilities


You were on level 3 of the Dungeon.
You visited 1 branch of the dungeon, and saw 3 of its levels.

You collected 95 gold pieces.

Inventory:

Hand Weapons
 a - a +2 sling {Xiang}
 e - a +0 short sword (offhand) {Minjun}
 f - a +0 short sword (weapon) {Atia}
Armour
 i - a +0 cloak (worn)
 j - a +1 hat (worn)
 l - a +0 ring mail
 p - a +0 leather armour
 q - a +2 robe of fire resistance (worn)
Wands
 n - a wand of polymorph (12)
Scrolls
 b - 2 scrolls of poison
 c - a scroll of enchant weapon
 k - a scroll of identify
 m - 4 scrolls of teleportation
Potions
 g - 2 potions of magic
 h - a potion of heal wounds
 o - a potion of enlightenment


   Skills:
 + Level 1.8 Fighting
 + Level 1.4 Short Blades
 + Level 2.5 Ranged Weapons
 + Level 2.2 Dodging
 + Level 1.5 Stealth
 + Level 1.0 Spellcasting
 + Level 3.1 Hexes
 + Level 0.8 Fire Magic


You had 2 spell levels left.
You knew the following spells:

 Your Spells              Type           Power      Damage    Failure   Level
a - Jinxbite              Hex            16%        N/A       12%         2
b - Blink                 Tloc           0%         N/A       41%         2

Your spell library contained the following spells:

 Spells                   Type           Power      Damage    Failure   Level
 Magic Dart               Conj           0%         1d3       30%         1
 Call Imp                 Summ           0%         N/A       41%         2
 Sigil of Binding         Hex            8%         N/A       24%         3
 Inner Flame              Hex/Fire       5%         N/A       36%         3
 Cause Fear               Hex            4%         N/A       63%         4
 Dimensional Bullseye     Hex/Tloc       2%         N/A       83%         4


Dungeon Overview and Level Annotations

Branches:
Dungeon (3/15)

Altars:

Annotations:
D:3 Grinder


Innate Abilities, Weirdness & Mutations

You can wield a second weapon in your off-hand.
It takes a long time for you to wield or remove held weapons.
Your first few attacks do less damage.
Your grasper-arms cannot wear rings.


Message History

Grinder is lightly wounded.
You closely miss Grinder with your +0 short sword.
Grinder closely misses you.
You closely miss Grinder with your +0 short sword.
Grinder is lightly wounded.
You completely miss Grinder with your +0 short sword.
You feel less invigorated.
You feel less confused.
You hit Grinder but do no damage.
Grinder is lightly wounded.
You hit Grinder but do no damage. Grinder gestures at you.
The bolt of fire misses you.
You hit Grinder but do no damage.
Grinder is lightly wounded.
You hit Grinder with your +0 short sword.
Grinder hits you!
You hit Grinder but do no damage.
Grinder is lightly wounded.
You hit Grinder but do no damage. Grinder barely misses you.
You barely miss Grinder with your +0 short sword.
Grinder is lightly wounded.
You hit Grinder with your +0 short sword.
Grinder hits you but does no damage.
You hit Grinder with your +0 short sword.
Grinder is moderately wounded.
You hit Grinder but do no damage. Grinder gestures at you.
The bolt of fire hits you! You resist.
* * * LOW HITPOINT WARNING * * *
You hit Grinder but do no damage.
Grinder is moderately wounded.
You hit Grinder but do no damage. Grinder hits you.
* * * LOW HITPOINT WARNING * * *
You hit Grinder with your +0 short sword.
Grinder is moderately wounded.
You barely miss Grinder with your +0 short sword.
Grinder gestures at you.
The fireball explodes!
The fireball engulfs you! You resist.
You die...

#.#.#.†......###....#
#.#.#.###.##........#
#.#.......######...##
#.#.###.#.# ##.##
#...# #...# #.#
###.###.### #.#
#.....# ##'## ###.###
##...## #@# ##..[..##
#.R.# ##.......#
#.#..# #.........
#...... +.........
##. .####.........
.>## ##.......# .#
##.....## .# ##...###
#.......


You could see Grinder the efreet.

Vanquished Creatures
  Jessica (D:3)
  3 adders
  3 ribbon worms
  3 dart slugs (D:1)
  4 bats
  6 endoplasms
  3 giant cockroaches (D:1)
  4 goblins
  5 hobgoblins
  2 quokkas (D:1)
  A ball python (D:1)
  4 frilled lizards
  8 kobolds
  3 rats
50 creatures vanquished.

Notes
Turn   | Place    | Note
-------+----------+-------------------------------------------
     0 | D:1      | Scrimshaw the Coglin Hexslinger began the quest for the
                  | Orb.
     0 | D:1      | Reached XP level 1. HP: 15/15 MP: 2/2
   144 | D:1      | Reached XP level 2. HP: 21/21 MP: 3/3
   151 | D:1      | Reached skill level 3 in Hexes
   154 | D:1      | Learned a level 2 spell: Jinxbite
   567 | D:1      | Reached XP level 3. HP: 17/26 MP: 1/4
  1018 | D:2      | Found a faded altar of an unknown god.
  1092 | D:2      | Learned a level 2 spell: Blink
  1243 | D:2      | Reached XP level 4. HP: 33/33 MP: 2/5
  1993 | D:3      | Reached skill level 1 in Short Blades
  2320 | D:3      | Noticed Jessica
  2338 | D:3      | Killed Jessica
  2339 | D:3      | Reached skill level 1 in Stealth
  2611 | D:3      | Reached XP level 5. HP: 38/38 MP: 6/6
  2625 | D:3      | Noticed Grinder
  2626 | D:3      | Grinder changed into Grinder the efreet
  2626 | D:3      | Noticed Grinder
  2644 | D:3      | Killed from afar by Grinder the efreet

Illustrated notes

Levels and vault maps discovered:
D:1:      wander_arrival_desolate, layout_loops_corners
D:2:      layout_basic, hellmonk_ecumenical_altar_crossroads,
          minmay_misc_feat_enclosed, minmay_between
D:3:      layout_loops_corners, uniq_jessica, uniq_grinder

Skill      XL: |  1  2  3  4 |
---------------+-------------+-----
Ranged Weapons | 2 |  2.5
Hexes          | 3 |  3.1
Dodging        | 2 |  2.2
Short Blades   | 1 |  1.4
Stealth        | 1 |  1.5
Fighting       | |  1.8
Spellcasting   | |  1.0
Fire Magic     | |  0.8

Action                     |  1- 3 |  4- 6 || total
---------------------------+-------+-------++-------
  Melee: Short sword       |   130 |    74 ||   204
         Unarmed           |       |    14 ||    14
   Fire: Sling             |    26 |       ||    26
   Cast: Jinxbite          |     4 |     1 ||     5
  Evoke: Wand              |       |     1 ||     1
    Use: Scroll            |     3 |     9 ||    12
         Potion            |       |     1 ||     1
   Stab: Sleeping          |     2 |     4 ||     6
 Armour: Robe              |    38 |    19 ||    57
         Skin              |       |     2 ||     2
  Dodge: Dodged            |    40 |    29 ||    69

Table legend: (Time is in decaauts)
 A = Elapsed time spent in this place.
 B = Non-inter-level travel time spent in this place.
 C = Inter-level travel time spent in this place.
 D = Time resting spent in this place.
 E = Time spent auto-exploring this place.
 F = Levels seen in this place.
 G = Mean time per level.
                   A        B        C        D        E       F      G
               +--------+--------+--------+--------+--------+-----+--------+
         Total |   2647 |   2484 |    163 |     29 |   1999 |   3 |  882.3 |
       Dungeon |   2647 |   2484 |    163 |     29 |   1999 |   3 |  882.3 |
               +--------+--------+--------+--------+--------+-----+--------+

Top non-repeatable levels by time:
     D:1: 1030 daAuts
     D:2: 820 daAuts
     D:3: 796 daAuts
